 Dungeon Crawl Stone Soup version 0.21-a0-616-g6d9b277d69 (webtiles) character file.

25 4tharraofdagon the Bolt Thrower (level 3, 0/21 HPs)
             Began as a Tengu Hunter on Dec 23, 2017.
             Slain by an adder (4 damage)
             ... on level 3 of the Dungeon.
             The game lasted 00:00:45 (144 turns).

4tharraofdagon the Bolt Thrower (Tengu Hunter)       Turns: 144, Time: 00:00:46

Health: 0/21       AC:  3    Str: 12    XL:     3   Next: 6%
Magic:  4/4        EV: 12    Int: 12    God:
Gold:   16         SH:  0    Dex: 14    Spells: 2/2 levels left

rFire    . . .     SeeInvis .   a - +1 hand crossbow
rCold    . . .     Gourm    .   (no shield)
rNeg     . . .     Faith    .   c - +0 leather armour
rPois    .         Spirit   .   (helmet restricted)
rElec    .         Reflect  .   (no cloak)
rCorr    .         Harm     .   (no gloves)
MR       .....                  (boots unavailable)
Stlth    +.........             (no amulet)
HPRegen  0.07/turn              (no ring)
MPRegen  0.09/turn              (no ring)

@: no status effects
A: beak, talons 3
a: no special abilities


You were on level 3 of the Dungeon.
You were not hungry.

You visited 1 branch of the dungeon, and saw 3 of its levels.

You collected 16 gold pieces.

Inventory:

Hand Weapons
 a - a +1 hand crossbow (weapon)
 b - a +0 short sword
Missiles
 d - 15 bolts (quivered)
Armour
 c - a +0 leather armour (worn)
Scrolls
 e - a scroll of remove curse {unknown}
Comestibles
 f - a ration


   Skills:
 - Level 2.0 Fighting
 * Level 5.4 Crossbows
 - Level 2.1 Dodging
 - Level 1.0 Stealth


You had 2 spell levels left.
You didn't know any spells.

Dungeon Overview and Level Annotations

Branches:
Dungeon (3/15)

Altars:
Gozag


Innate Abilities, Weirdness & Mutations

You have a beak for a mouth.
You have claws for feet.


Message History

Really target yourself?
Okay, then.
Unknown command.
d - 15 bolts (gained 5)
Things that are here:
a jackal corpse x2
The adder hisses angrily.
d - 16 bolts (gained 1)
You see here a jackal corpse.
Firing (i - inventory):
d - 16 bolts (quivered)
Press: ? - help, Shift-Dir - straight line, f - adder
Aim: an adder
Okay, then.
Firing (i - inventory):
d - 16 bolts (quivered)
Press: ? - help, Shift-Dir - straight line, f - adder
Aim: an adder You shoot a bolt.
The bolt hits the adder.
The adder is moderately wounded.
The adder closely misses you. The adder bites you.
You die...

............# #
.........#.# #.
.......#.#.# ### #.
#........... ..# #..
#..# #.#.#.###.#
#.#.$###..# #.#.#.##...
##..$.<....# #.#.#.##..#
......S@†..###.#.#.##..#
##.#.(###..††.........<#
#........####.#.#.##..#
#.#....#.# ...#.#.##..#
# #....._.......#.##...
#.####.########.##..# #
... #.##.(# ### #.##...
..###.#


You could see an adder.

Vanquished Creatures
  An adder (D:3)
  A dart slug (D:3)
  A leopard gecko (D:3)
  A giant cockroach (D:1)
  A hobgoblin (D:1)
  4 jackals (D:3)
  A kobold (D:1)
  A bat (D:3)
  2 rats
13 creatures vanquished.

Notes
Turn   | Place    | Note
-------+----------+-------------------------------------------
     0 | D:1      | 4tharraofdagon the Tengu Hunter began the quest for the Orb.
     0 | D:1      | Reached XP level 1. HP: 12/12 MP: 2/2
   103 | D:3      | Reached skill level 5 in Crossbows
   103 | D:3      | Reached XP level 2. HP: 11/17 MP: 3/3
   126 | D:3      | Reached XP level 3. HP: 3/21 MP: 4/4
   132 | D:3      | Found an opulent altar of Gozag.
   144 | D:3      | Slain by an adder

Vault maps used:
D:1:      lemuel_arrival_cross, moated_statue, grunt_decor_clamped
D:2:      chequers_ecumenical_altar_simple, minivault_5
D:3:      kennysheep_the_goblin_king, lemuel_crystal_altar,
          makhleb_blood_cavern_becter

Skill      XL: |  1 |
---------------+----+-----
Crossbows      | 5 |  5.4
Fighting       | |  2.0
Dodging        | |  2.1
Stealth        | |  1.0

Action                   || total
-------------------------++-------
Melee: Short sword       ||     2
       Kick              ||     1
       Peck              ||     1
 Fire: Hand crossbow     ||    17
 Stab: Sleeping          ||     1
Dodge: Dodged            ||     1

Table legend:
 A = Spawn XP
 B = Non-spawn XP
 C = Spawn XP percentage of total XP
 D = Spawn monster count
 E = Non-spawn monster count
 F = Spawn count percentage of total count
 G = Total turns spent on level
                    A         B        C        D         E        F      G
               +---------+---------+-------+---------+---------+-------+---------
         Total |       0 |      37 |   0.0 |       0 |      13 |   0.0 |   144
               +---------+---------+-------+---------+---------+-------+---------
           D:1 |       0 |       6 |   0.0 |       0 |       3 |   0.0 |    64
           D:2 |       0 |       1 |   0.0 |       0 |       1 |   0.0 |    36
           D:3 |       0 |      30 |   0.0 |       0 |       9 |   0.0 |    44
               +---------+---------+-------+---------+---------+-------+---------

Vault maps used:
D:1:      lemuel_arrival_cross, moated_statue, grunt_decor_clamped
D:2:      chequers_ecumenical_altar_simple, minivault_5
D:3:      kennysheep_the_goblin_king, lemuel_crystal_altar,
          makhleb_blood_cavern_becter
